 Dungeon Crawl Stone Soup version 0.30-a0-177-g1cb5dbfd7a (webtiles) character file.

Game seed: 14119314683927112506

6 ytrimaz the Sneak (level 1, -1/14 HPs)
             Began as an Octopode Brigand on Oct 3, 2022.
             Succumbed to a kobold's poison
             ... on level 1 of the Dungeon.
             The game lasted 00:00:25 (159 turns).

ytrimaz the Sneak (Octopode Brigand)                 Turns: 159, Time: 00:00:26

Health: -1/14      AC:  1    Str: 10    XL:     1   Next: 90%
Magic:  1/1        EV: 12    Int: 13    God:
Gold:   12         SH:  0    Dex: 13    Spells: 0/0 levels left

rFire   . . .      SeeInvis .    a - +2 dagger
rCold   . . .      Faith    .    (no shield)
rNeg    . . .      Spirit   .    (helmet restricted)
rPois   .          Reflect  .    (no amulet)
rElec   .          Harm     .    (no ring)
rCorr   .          Rampage  .    (no ring)
Will    .....                    (no ring)
Stlth   ++++......               (no ring)
HPRegen 0.22/turn                (no ring)
MPRegen 0.07/turn                (no ring)
                                 (no ring)
                                 (no ring)

@: lethally poisoned (-1 -> -11), about to teleport
A: almost no armour, amphibious, 8 rings, camouflage 1, gelatinous body 1,
(nimble swimmer 1), tentacles
a: no special abilities


You were on level 1 of the Dungeon.
You visited 1 branch of the dungeon, and saw 1 of its levels.

You collected 12 gold pieces.


Innate Abilities, Weirdness & Mutations

You cannot wear most types of armour.
You are amphibious.
You can wear up to eight rings at the same time.
Your skin changes colour to match your surroundings (Stealth+).
Your rubbery body absorbs attacks. (AC +1, EV +1)
((You are camouflaged when in or above water. (Stealth+)))
You have tentacles for arms and can constrict up to eight enemies at once.


   Skills:
 - Level 2.0 Fighting
 - Level 2.0 Short Blades
 - Level 2.0 Throwing
 - Level 1.0 Dodging
 + Level 5.9 Stealth


You couldn't memorise any spells.
You didn't know any spells.
Your spell library was empty.

Inventory:

Hand Weapons
 a - a +2 dagger (weapon)
Missiles
 b - 6 poisoned darts (quivered)
 c - 3 curare-tipped darts

Dungeon Overview and Level Annotations

Branches:
Dungeon (1/15) Zot: 5842

Altars:

##(...(.. (...... .(....
###### ### >)... #....##
...## #... ......# ...#
#.r ..##..## #..# #.#
..#....# #..###K####
..#..<.# #..##@....#
..##..## #..##..##.#
..##... #......# #
.####... ##....###.###
## ##### ####........
#)####### #.#
##########.######
#######.................


You could see a quokka and a kobold.


Message History

The ball python grabs you. The ball python constricts you.
The ball python barely misses you.
The ball python constricts you. 😕 HP[-1]
You take 1 damage, and now have 13/14 hp.
You closely miss the ball python. Your grab misses the ball python.
Your squeeze misses the ball python. The ball python bites you.
The ball python constricts you. 😮 HP[-4]
You take 4 damage, and now have 9/14 hp.
MASSIVE DAMAGE!! (PAUSE)
You barely miss the ball python. You grab the ball python.
You squeeze the ball python. You constrict the ball python.
The ball python barely misses you. The ball python constricts you.
You are too injured to fight recklessly!
You hit the ball python.
You kill the ball python!
Unknown command.
Key pressed, stopping explore.
Unknown command. 😕 HP[+4]
You regained 4 hp, and now have 13/14 hp.
A hobgoblin comes into view. 😎 HP[+1]
Your hp is fully restored (14).
A hobgoblin is nearby!
Unknown command.
A hobgoblin is nearby!
The hobgoblin shouts!
You hear a shout!
You hit the hobgoblin but do no damage. You grab the hobgoblin.
You constrict the hobgoblin, but do no damage.
A goblin comes into view. It is wielding a +0 dagger.
The hobgoblin hits you. 😕 HP[-1]
You take 1 damage, and now have 13/14 hp.
You hit the hobgoblin. You constrict the hobgoblin.
The hobgoblin hits you. 😮 HP[-4]
You take 4 damage, and now have 9/14 hp.
MASSIVE DAMAGE!! (PAUSE)
You hit the hobgoblin. You squeeze the hobgoblin.
You kill the hobgoblin!
Unknown command.
You closely miss the goblin. Your grab misses the goblin.
You squeeze the goblin.
You kill the goblin! 😮 HP[+1]
Things that are here:
a +0 dagger; a goblin corpse Unknown command.
Found a stone staircase leading down. 😎 HP[+4]
Your hp is fully restored (14).
A goblin and a quokka come into view.
There are monsters nearby!
There are monsters nearby!
There are monsters nearby!
There are monsters nearby!
There are monsters nearby!
You throw a poisoned dart. The poisoned dart hits the goblin.
The goblin is poisoned.
The goblin shouts!
A kobold comes into view.
It is wielding a +1 short sword of venom.
You throw a poisoned dart. The poisoned dart hits the goblin.
The goblin looks even sicker.
The kobold shouts!
You throw a poisoned dart.
The poisoned dart closely misses the goblin.
You kill the goblin!
You barely miss the quokka. You grab the quokka. You constrict the quokka.
The quokka bites you.
A quokka comes into view. 😮 HP[-4]
You take 4 damage, and now have 10/14 hp.
MASSIVE DAMAGE!! (PAUSE)
You are too injured to fight recklessly!
Unknown command.
You hit the quokka.
You kill the quokka!
You barely miss the kobold. You grab the kobold. You constrict the kobold.
The kobold hits you with a +1 short sword of venom.
* * * LOW HITPOINT WARNING * * *
You are lethally poisoned! 😨 HP[-5]
You take 5 damage, and now have 5/14 hp.
MASSIVE DAMAGE!! (PAUSE)
You aren't carrying any potions.
Unknown command.
You aren't carrying any potions.
Okay, then.
You release your grip on the kobold.
* * * LOW HITPOINT WARNING * * *
You feel very sick. The kobold barely misses you. 😱 HP[-4]
You take 4 damage, and now have 1/14 hp.
MASSIVE DAMAGE!! (PAUSE)
As you read the scroll labelled ENEITA CEQI, it crumbles to dust.
You feel strangely unstable.
It was a scroll of teleportation.
You die...

Action                   || total
-------------------------++-------
Melee: Dagger            ||    11
       Constrict         ||     4
       Tentacles         ||     3
Throw: Dart              ||     3
  Use: Scroll            ||     1
Dodge: Dodged            ||     5

Levels and vault maps discovered:
D:1:      minmay_arrival_wavy_path, layout_basic, st_stairs_12,
          minmay_misc_feat_tower

Notes
Turn   | Place    | Note
-------+----------+-------------------------------------------
     0 | D:1      | ytrimaz the Octopode Brigand began the quest for the Orb.
     0 | D:1      | Reached XP level 1. HP: 14/14 MP: 1/1
     0 | D:1      | magus.rc [v1.9.6]
   158 | D:1      | HP: 1/14 [poisoned by a kobold]
   159 | D:1      | Succumbed to a kobold's poison

Vanquished Creatures
  A ball python (D:1)
  A hobgoblin (D:1)
  A quokka (D:1)
  2 goblins (D:1)
  A kobold (D:1)
6 creatures vanquished.

Table legend:
 A = Non-vault XP
 B = Vault XP
 C = Vault XP percentage of total XP
 D = Non-vault monster count
 E = Vault monster count
 F = Vault count percentage of total count
                 A         B        C        D         E       F
            +---------+---------+-------+---------+---------+-------
      Total |       9 |       0 |   0.0 |       6 |       0 |   0.0
            +---------+---------+-------+---------+---------+-------
        D:1 |       9 |       0 |   0.0 |       6 |       0 |   0.0
            +---------+---------+-------+---------+---------+-------

Illustrated notes

Table legend:
 A = Kills in this place as a percentage of kills in entire the game.
 B = Kills by you in this place as a percentage of kills by you in the entire game.
 C = Kills by friends in this place as a percentage of kills by friends in the entire game.
 D = Other kills in this place as a percentage of other kills in the entire game.
 E = Experience gained in this place as a percentage of experience gained in the entire game.
 F = Experience gained in this place divided by the number of levels of this place that you have seen.
                   A       B       C       D       E      F
               +-------+-------+-------+-------+-------+----------------------
         Total | 100.0 | 100.0 |   N/A |   N/A | 100.0 |   9.0
       Dungeon | 100.0 | 100.0 |   N/A |   N/A | 100.0 |   9.0
               +-------+-------+-------+-------+-------+----------------------

Table legend: (Time is in decaauts)
 A = Elapsed time spent in this place.
 B = Non-inter-level travel time spent in this place.
 C = Inter-level travel time spent in this place.
 D = Time resting spent in this place.
 E = Time spent auto-exploring this place.
 F = Levels seen in this place.
 G = Mean time per level.
                   A        B        C        D        E       F      G
               +--------+--------+--------+--------+--------+-----+--------+
         Total |    157 |    157 |      0 |      0 |    123 |   1 |  157.0 |
       Dungeon |    157 |    157 |      0 |      0 |    123 |   1 |  157.0 |
               +--------+--------+--------+--------+--------+-----+--------+

Top non-repeatable levels by time:
     D:1: 157 daAuts
